 Dungeon Crawl Stone Soup version 0.19.0-2-gae57169 (webtiles) character file.

64 dvd the Chucker (level 3, -2/35 HPs)
             Began as a Troll Hunter on Nov 6, 2016.
             Slain by Crazy Yiuf
             ... wielding a +3 quarterstaff of chaos
              (3 damage)
             ... on level 2 of the Dungeon.
             The game lasted 00:03:48 (1165 turns).

dvd the Chucker (Troll Hunter)                      Turns: 1165, Time: 00:03:50

Health: -2/35      AC:  5    Str: 20    XL:     3   Next: 91%
Magic:  2/2        EV:  7    Int:  7    God:
Gold:   86         SH:  7    Dex: 11    Spells: 0 memorised, 2 levels left

rFire  . . .     SeeInvis .     h - +0 war axe (vamp)
rCold  . . .     Gourm    +     b - +0 robe
rNeg   . . .     Faith    .     m - +0 shield
rPois  .         Spirit   .     (helmet restricted)
rElec  .         Reflect  .     (no cloak)
rCorr  .         Harm     .     (gloves unavailable)
MR     .....                    (boots unavailable)
Stlth  +.........               (no amulet)
                                (no ring)
                                e - ring of wizardry

@: lethally poisoned (-2 -> -5), very slightly contaminated, invisible
A: unfitting armour, claws 3, fast metabolism 3, gourmand, regeneration 1,
shaggy fur 1, tough skin 2
a: no special abilities


You were on level 2 of the Dungeon.
You were not hungry.

You visited 1 branch of the dungeon, and saw 2 of its levels.

You collected 86 gold pieces.

Inventory:

Hand Weapons
 a - a +0 short sword
 h - a +0 vampiric war axe (weapon)
Missiles
 c - 4 large rocks (quivered)
 d - 2 throwing nets
Armour
 b - a +0 robe (worn)
 m - a +0 shield (worn)
Jewellery
 e - a ring of wizardry (left claw)
Scrolls
 g - a scroll of noise {unknown}
Potions
 i - a potion of brilliance {unknown}
 l - 3 potions of lignification {unknown}
Comestibles
 f - 2 bread rations
 j - a meat ration


   Skills:
 + Level 1.8 Fighting
 + Level 4.4 Throwing
 + Level 2.0 Dodging
 + Level 0.3 Stealth
 + Level 0.1 Shields
 + Level 1.3 Unarmed Combat


You had 2 spell levels left.
You didn't know any spells.

Dungeon Overview and Level Annotations

Branches:
Dungeon (2/15)

Altars:
Hepliaklqana
Ru

Annotations:
D:2 Crazy Yiuf


Innate Abilities, Weirdness & Mutations

You are too large for most types of armour.
You have claws for hands.
Your metabolism is lightning-fast.
You like to eat raw meat.
Your natural rate of healing is unusually fast.
You are covered in fur. (AC +1)
You have very tough skin. (AC +2)


Message History

Crazy Yiuf hits you with a quarterstaff of chaos.
You fade into invisibility!
You are very lightly contaminated with residual magic.
You catch the helpless Crazy Yiuf completely off-guard!
You hit Crazy Yiuf but do no damage.
Crazy Yiuf is moderately wounded.
Crazy Yiuf laughs, "Peeping pontify snail!"
You closely miss Crazy Yiuf.
Crazy Yiuf is moderately wounded.
Crazy Yiuf closely misses you.
Crazy Yiuf hits you with a quarterstaff of chaos!
* * * LOW HITPOINT WARNING * * *
You are poisoned.
You hit Crazy Yiuf.
You feel better.
Crazy Yiuf is heavily wounded.
You feel sick.
Crazy Yiuf hits you with a quarterstaff of chaos!
* * * LOW HITPOINT WARNING * * *
Crazy Yiuf freezes you.
You die...

♣....♣ #####
#..... ♣♣...♣
#...###.....
♣♣.♣♣
####....#.##
♣♣.♣ ##.#.#.##
♣.♣♣ #.#.....
♣♣.♣ ##.###+##
♣.♣♣
####.###...#
##'##
#...###.....
#g@.#
##.###......
#...#
##.##.......
#)..#
#...........
#####
##.#........
#..#.#...[..
###*####^##.....
#.#*,,,..###...#
#.#***#### ##'##
#.# #...


You could see Crazy Yiuf.

Vanquished Creatures
  2 oozes
  A worm (D:2)
  5 dart slugs (D:1)
  2 leopard geckos (D:1)
  A giant cockroach (D:1)
  5 goblins
  5 hobgoblins
  4 jackals (D:1)
  5 bats
  2 frilled lizards
  3 kobolds
  5 rats
40 creatures vanquished.

Notes
Turn   | Place    | Note
-------+----------+-------------------------------------------
     0 | D:1      | dvd the Troll Hunter began the quest for the Orb.
     0 | D:1      | Reached XP level 1. HP: 19/19 MP: 0/0
    99 | D:1      | Reached XP level 2. HP: 28/28 MP: 1/1
   111 | D:1      | Reached skill level 4 in Throwing
   230 | D:1      | Reached XP level 3. HP: 35/35 MP: 2/2
   710 | D:2      | Reached skill level 1 in Unarmed Combat
   961 | D:2      | Found a hazy altar of Hepliaklqana.
   962 | D:2      | Found a sacrificial altar of Ru.
  1153 | D:2      | Found a runed door.
  1157 | D:2      | Noticed Crazy Yiuf
  1165 | D:2      | HP: 1/35 [Crazy Yiuf/quarterstaff of chaos (7)]
  1165 | D:2      | Slain by Crazy Yiuf

Skill      XL: |  1  2  3 |
---------------+----------+-----
Throwing       | 4 |  4.4
Unarmed Combat | 1 |  1.3
Dodging        | 2 |  2.0
Fighting       | |  1.8
Stealth        | |  0.3
Shields        | |  0.1

Action                   || total
-------------------------++-------
Melee: Unarmed           ||    56
       Short sword       ||     9
       War axe           ||     8
       Punch             ||     1
Throw: Large rock        ||    29
  Use: Scroll            ||     2
 Stab: Invisible         ||     1
       Sleeping          ||     1
  Eat: Chunk             ||    16
Armor: Robe              ||    35
Dodge: Dodged            ||    42
Block: Shield            ||     2
